 Dungeon Crawl Stone Soup version 0.29.1-13-g9f3cf754e1 (webtiles) character file.

Game seed: 177925424244927596

2 Exodus22XD the Trooper (level 1, 20/20 HPs)
             Began as a Minotaur Fighter on Feb 3, 2023.
             Was a Follower of Makhleb.
             Quit the game on level 1 of the Dungeon.
             The game lasted 00:00:19 (138 turns).

Exodus22XD the Trooper (Minotaur Fighter)            Turns: 138, Time: 00:00:20

Health: 20/20      AC:  6    Str: 20    XL:     1   Next: 25%
Magic:  0/0        EV:  9    Int:  5    God:    Makhleb [*.....]
Gold:   12         SH:  4    Dex:  9    Spells: 0/0 levels left

rFire   . . .      SeeInvis .   a - +0 war axe
rCold   . . .      Faith    .   c - +0 buckler
rNeg    . . .      Spirit   .   b - +0 scale mail
rPois   .          Reflect  .   (helmet restricted)
rElec   .          Harm     .   (no cloak)
rCorr   .          Rampage  .   (no gloves)
Will    .....                   (no boots)
Stlth   ..........              (no amulet)
HPRegen 0.06/turn               (no ring)
MPRegen 0.07/turn               (no ring)

@: no status effects
A: horns 2, retaliatory headbutt
a: Renounce Religion


You were on level 1 of the Dungeon.
You worshipped Makhleb.
Makhleb was aware of your devotion.
You visited 1 branch of the dungeon, and saw 1 of its levels.

You collected 12 gold pieces.

Inventory:

Hand Weapons
 a - a +0 war axe (weapon)
Armour
 b - a +0 scale mail (worn)
 c - a +0 buckler (worn)
Scrolls
 e - a scroll of blinking {unknown}
 g - a scroll of magic mapping {unknown}
Potions
 d - a potion of might
 f - a potion of flight {unknown}


   Skills:
 + Level 3.7 Fighting
 + Level 2.4 Axes
 + Level 3.6 Armour
 + Level 3.6 Shields


You couldn't memorise any spells.
You didn't know any spells.
Your spell library was empty.

Dungeon Overview and Level Annotations

Branches:
Dungeon (1/15)

Altars:
Makhleb


Innate Abilities, Weirdness & Mutations

You have a pair of horns on your head.
You reflexively headbutt those who attack you in melee.


Message History

A ball python is nearby!
You closely miss the ball python. The ball python barely misses you.
The ball python grabs you. The ball python constricts you.
A ball python is nearby!
You slash the ball python!
You kill the ball python!
You now have 3 gold pieces.
Key pressed, stopping explore.
No target in view!
Key pressed, stopping explore.
No target in view!
A kobold comes into view. It is wielding a +0 dagger.
The kobold shouts!
A kobold is nearby!
A kobold is nearby!
Found 9 gold pieces.
The kobold hits you with a +0 dagger.
A kobold is nearby!
You hit the kobold but do no damage. You headbutt the kobold.
You kill the kobold!
HP restored.
g - a scroll labelled ICOFOIPRYS No target in view!
Found a faded altar of an unknown god.
No target in view!
You now have 12 gold pieces (gained 9).
There is an abandoned shop here.
Found a leather armour.
No target in view!
You see here a staff of poison.
Key pressed, stopping explore.
No target in view!
No target in view!
There is a faded altar of an unknown god here.
You cannot tell which god this altar belongs to.
Convert to them anyway?
Makhleb accepts your prayer! Makhleb welcomes you!
You can now gain health from killing.
Unknown command.
Press < or > to pray at altars.
Are you sure you want to abandon this character and quit the game? (Confirm with "yes".)

#.....# ............##
#|[...# +##........##
#.....# #.##........##
#.....# #.##........##
#.....# #.##........##
#.....# #.######.#..##
#.....######.......)#..##
##......∩.⌠.........#..##
#...##.@...........#..##
#...##.._.#........# .##
###.#######........# #
#.# ########.... # ..#
##.#.## ..# .# ## .. ##


There were no monsters in sight!

Vanquished Creatures
  A ball python (D:1)
  A kobold (D:1)
2 creatures vanquished.

Notes
Turn   | Place    | Note
-------+----------+-------------------------------------------
     0 | D:1      | Exodus22XD the Minotaur Fighter began the quest for the
                  | Orb.
     0 | D:1      | Reached XP level 1. HP: 19/19 MP: 0/0
   108 | D:1      | Found a faded altar of an unknown god.
   136 | D:1      | Prayed at the altar of an unknown god.
   136 | D:1      | Became a worshipper of Makhleb the Destroyer
   136 | D:1      | Reached * piety under Makhleb
   138 | D:1      | Quit the game

Illustrated notes

Levels and vault maps discovered:
D:1:      psy_arrival_statuary, layout_basic,
          ebering_ecumenical_altar_abandoned, serial_shops,
          nicolae_shop_bloodbath_and_beyond

Action                   || total
-------------------------++-------
Melee: War axe           ||     3
       Headbutt          ||     1
Dodge: Dodged            ||     1
